 Dungeon Crawl Stone Soup version 0.20.1-1-g8b1a95d (webtiles) character file.

38305 HammerPanzer the Bludgeoner (level 13, -1/109 HPs)
             Began as a Demonspawn Berserker on Oct 27, 2017.
             Was a High Priest of Trog.
             Splashed by a brown ugly thing's acid (7 damage)
             ... on level 14 of the Dungeon.
             The game lasted 01:01:33 (13573 turns).

HammerPanzer the Bludgeoner (Demonspawn Berserker) Turns: 13573, Time: 01:01:33

Health: -1/109     AC: 17    Str: 36    XL:     13   Next: 63%
Magic:  0/13       EV: 11    Int:  9    God:    Trog [*****.]
Gold:   597        SH:  0    Dex:  8    Spells: 12/12 levels left

rFire    x . .     SeeInvis .   O - +6 dire flail (crush)
rCold    + + +     Gourm    .   (shield currently unavailable)
rNeg     . . .     Faith    .   T - +4 scale mail {rC+}
rPois    .         Spirit   +   I - +2 helmet
rElec    .         Reflect  .   L - +0 cloak
rCorr    .         Harm     .   (no gloves)
MR       .....                  (no boots)
Stlth    ..........             M - amulet of guardian spirit
Regen    3.3/turn               D - ring "Qeh Miy" {Ice +Inv Str+7 Dex-5}
MPRegen  0.2/turn               Q - ring of protection from cold

@: mighty, about to teleport, corroded, sanguine armour, berserk cooldown,
slowed, very slow
A: claws 2, cold resistance 1, powered by death 2, powered by pain 1, strong 1,
sanguine armour 2
a: Berserk, Trog's Hand, Brothers in Arms, Burn Spellbooks, Renounce Religion,
Evoke Invisibility


You were on level 14 of the Dungeon.
You worshipped Trog.
Trog was extremely pleased with you.
You were hungry.

You visited 1 branch of the dungeon, and saw 15 of its levels.

You collected 721 gold pieces.
You spent 124 gold pieces at shops.

Inventory:

Hand Weapons
 y - a +0 hand crossbow of flaming
 O - a +6 dire flail of crushing (weapon)
Missiles
 K - 81 bolts
Armour
 v - the +1 ring mail "Echar" {rElec rC+ MR- Dex+4}
   (You found it on level 7 of the Dungeon)

   It affects your dexterity (+4).
   It protects you from cold.
   It insulates you from electricity.
   It affects your resistance to hostile enchantments.
 I - a +2 helmet (worn)
 L - a +0 cloak (worn)
 T - a +4 scale mail of cold resistance (worn)
 U - the +1 ring mail of the Poles {+Inv rPois}
   (You found it on level 11 of the Dungeon)

   It protects you from poison.
   It lets you turn invisible.
Jewellery
 n - an uncursed amulet of regeneration
 r - a cursed ring of loudness {unknown}
 D - the ring "Qeh Miy" (left claw) {Ice +Inv Str+7 Dex-5}
   (You found it on level 11 of the Dungeon)

   [ring of ice]

   It enhances your ice magic.
   It affects your strength (+7).
   It affects your dexterity (-5).
   It makes you vulnerable to fire.
   It protects you from cold.
   It lets you turn invisible.
 E - an uncursed ring of resist corrosion
 M - an amulet of guardian spirit (around neck)
 Q - a ring of protection from cold (right claw)
 V - a +5 ring of evasion
Wands
 e - a wand of acid (7/15)
 k - a wand of flame (46/48)
 B - a wand of acid (7/15)
 C - a wand of polymorph (10/24)
 H - a wand of lightning (11/15)
 J - a wand of disintegration (10/24)
 N - a wand of iceblast (10/15)
 R - a wand of polymorph (11/24)
 S - a wand of scattershot (3/9)
Scrolls
 l - 4 scrolls of recharging
 m - 2 scrolls of vulnerability {unknown}
 o - a scroll of acquirement {unknown}
 p - a scroll of teleportation
 u - 4 scrolls of magic mapping
 F - 2 scrolls of blinking
 W - 4 scrolls of remove curse
 X - 2 scrolls of fog {unknown}
 Y - a scroll of enchant armour {unknown}
 Z - a scroll of fear
Potions
 a - 3 potions of berserk rage
 b - 6 potions of heal wounds
 d - 2 potions of flight
 f - 5 potions of lignification
 g - 4 potions of cancellation
 h - a potion of haste
 j - 7 potions of curing
 s - 2 potions of might
 w - a potion of invisibility
 x - a potion of brilliance
 A - 2 potions of agility
 G - a potion of magic {unknown}
 P - 2 potions of mutation {unknown}
Comestibles
 c - 10 bread rations
 i - 9 royal jellies
 q - 5 chunks of flesh
 z - 5 fruits


   Skills:
 + Level 12.4 Fighting
 * Level 15.3 Maces & Flails
 + Level 7.0 Crossbows
 + Level 7.4 Armour
 - Level 1.7 Dodging


You had 12 spell levels left.
You didn't know any spells.

Dungeon Overview and Level Annotations

Branches:
Dungeon (15/15)            Temple (0/1) D:5            Lair (0/6) D:9
    Orc (0/2) D:9          Vaults (0/5) D:13
 Depths: D:15

Altars:
Dithmenos
Elyvilon
Fedhas
Makhleb
Qazlal
Sif Muna
Trog
Xom

Shops:
D:4 [   D:7 (   D:8 ?   D:10 %


Innate Abilities, Weirdness & Mutations

You have very sharp fingernails.
You regenerate health from kills.
You sometimes gain a little power by taking damage.
When seriously injured, your bleeding wounds create thick armour. (AC +9)
Your flesh is cold resistant. (rC+)
Your muscles are strong. (Str +2)


Message History

You feel strangely unstable.
The brown ugly thing tail-slaps you but does no damage.
The cyan ugly thing stings you but does no damage.
The green ugly thing engulfs you but does no damage.
The green ugly thing kicks you.
* * * LOW HITPOINT WARNING * * *
The brown ugly thing tail-slaps you.
* * * LOW HITPOINT WARNING * * *
The acid corrodes you!
You are splashed with acid!
The acid burns!
* * * LOW HITPOINT WARNING * * *
The cyan ugly thing stings you.
* * * LOW HITPOINT WARNING * * *
The cyan ugly thing shocks you!
* * * LOW HITPOINT WARNING * * *
The green ugly thing engulfs you but does no damage.
The green ugly thing basks in the mutagenic energy from its kin and changes!
The brown ugly thing tail-slaps you!
* * * LOW HITPOINT WARNING * * *
The acid corrodes you!
You are splashed with acid!
The acid burns!
You die...

#............# #......#....)..
#............# #......#.......
#............# #......#.......
####.........#####......#.......
#....................########
#......#####'###.............
#......#...u.u.#.............
#......#...u)u.#.............
#......#....@..#.............
#......#.......#.............
####......#.......#..#####......
#.........#.......#..# #......
#.........#.......#..# #......
#.........#.......#..# #......
#.........#.......#..# #......
##........#.......#..# #......
#........#.......#..# #......


You could see 4 ugly things.

Vanquished Creatures
  A tengu reaver (D:11)
  A fire giant (D:11)
  Erolcha (D:12)
  A yaktaur captain (D:11)
  4 vault guards (D:13)
  A hydra (D:11)
  A catoblepas (D:11)
  6 two-headed ogres
  2 centaur warriors
  A deep troll (D:11)
  2 wizards
  2 phantasmal warriors (D:11)
  The ghost of HammerPanzer the Basher, a novice DsBe of Trog (D:8)
  2 manticores
  10 ugly things
  2 centaur zombies
  Maurice (D:12)
  2 yaktaurs (D:14)
  A kobold demonologist (D:13)
  A jumping spider (shapeshifter) (D:11)
  2 trolls
  A hornet (D:10)
  4 slime creatures
  Prince Ribbit (D:11)
  4 hippogriffs
  A spriggan (D:7)
  2 shadows
  5 wyverns
  A basilisk (shapeshifter) (D:11)
  Grum (D:11)
  21 yaks
  A steam dragon (D:8)
  A hungry ghost (D:12)
  2 basilisks (D:11)
  A soldier ant (D:13)
  A water moccasin (D:13)
  A porcupine (D:9)
  6 orc warriors
  3 sky beasts
  A black bear (shapeshifter) (D:11)
  A black bear (D:9)
  A phantom (D:10)
  2 ice beasts
  A necrophage (D:6)
  9 ogres
  2 wolves (D:11)
  11 centaurs
  A crocodile (D:13)
  11 bullfrogs
  4 big kobolds
  A wyvern skeleton (D:13)
  A water moccasin zombie (D:11)
  3 scorpions
  A water moccasin skeleton (D:8)
  14 killer bees
  5 wights (D:11)
  2 howler monkeys
  7 crimson imps
  2 bullfrog zombies
  11 orc priests
  2 jellies
  4 centaur skeletons
  5 hounds
  3 bullfrog skeletons
  A gnoll shaman (D:8)
  9 orc wizards
  11 worker ants
  A worker ant zombie (D:11)
  6 adders
  3 gnolls (D:8)
  2 howler monkey skeletons
  4 shadow imps
  3 oozes
  An adder zombie (D:6)
  3 worms
  A dart slug (D:4)
  2 leopard geckos
  69 orcs
  8 giant cockroaches
  7 goblins
  8 hobgoblins
  7 jackals
  25 kobolds
  2 quokkas (D:4)
  2 ball pythons
  2 bats (D:2)
  6 frilled lizards
  A jackal skeleton (D:5)
  A leopard gecko skeleton (D:8)
  6 rats
398 creatures vanquished.

Vanquished Creatures (others)
  2 fungi (D:9)
2 creatures vanquished.

Grand Total: 400 creatures vanquished

Notes
Turn   | Place    | Note
-------+----------+-------------------------------------------
     0 | D:1      | HammerPanzer the Demonspawn Berserker began the quest for the Orb.
     0 | D:1      | Reached XP level 1. HP: 18/18 MP: 1/1
   216 | D:1      | Gained mutation: You regenerate a little health from kills. [demonic ancestry]
   216 | D:1      | Reached XP level 2. HP: 15/24 MP: 2/2
   332 | D:1      | Reached skill level 3 in Maces & Flails
   736 | D:1      | Reached ** piety under Trog
   890 | D:2      | Gained mutation: When seriously injured, your bleeding wounds create armour. (AC +9) [demonic ancestry]
   890 | D:2      | Reached XP level 3. HP: 30/30 MP: 3/3
  1456 | D:3      | Gained mutation: When seriously injured, your bleeding wounds create thick armour. (AC +9) [demonic ancestry]
  1456 | D:3      | Reached XP level 4. HP: 37/37 MP: 4/4
  1559 | D:3      | Reached skill level 4 in Maces & Flails
  1764 | D:3      | Found a shadowy altar of Dithmenos.
  1773 | D:3      | Reached XP level 5. HP: 43/43 MP: 5/5
  1778 | D:3      | Reached *** piety under Trog
  1863 | D:3      | Found a deep blue altar of Sif Muna.
  2071 | D:5      | Entered Level 5 of the Dungeon
  2106 | D:4      | Reached skill level 5 in Maces & Flails
  2212 | D:4      | Noticed an ogre
  2228 | D:4      | Killed an ogre
  2228 | D:4      | Gained mutation: You sometimes gain a little power by taking damage. [demonic ancestry]
  2228 | D:4      | Reached XP level 6. HP: 50/50 MP: 6/6
  2295 | D:4      | Reached skill level 5 in Fighting
  2429 | D:5      | Found a staircase to the Ecumenical Temple.
  2462 | D:4      | Reached skill level 6 in Maces & Flails
  2462 | D:4      | Reached XP level 7. HP: 56/56 MP: 7/7
  2530 | D:4      | Found Jomurioxi's Armour Shoppe.
  2567 | D:4      | Found a bloodstained altar of Trog.
  2585 | D:4      | Found a stormy altar of Qazlal.
  3306 | D:5      | Reached **** piety under Trog
  3311 | D:5      | Reached skill level 7 in Maces & Flails
  3315 | D:5      | Reached XP level 8. HP: 33/64 MP: 8/8
  3935 | D:6      | Reached skill level 8 in Maces & Flails
  3951 | D:6      | Found a burning altar of Makhleb.
  4706 | D:8      | Found Raufajy's Magic Scroll Emporium.
  4745 | D:7      | Reached skill level 9 in Maces & Flails
  4827 | D:7      | Noticed Prince Ribbit
  4853 | D:7      | Got a warped ring mail
  4860 | D:7      | Found Idedat's Weapon Shoppe.
  4874 | D:7      | Bought a +0 hand crossbow of flaming for 124 gold pieces
  4938 | D:7      | Reached XP level 9. HP: 47/72 MP: 9/9
  4947 | D:7      | Found a white marble altar of Elyvilon.
  5176 | D:8      | Noticed HammerPanzer's ghost (novice DsBe)
  5193 | D:8      | Killed HammerPanzer's ghost
  5193 | D:8      | Reached skill level 10 in Maces & Flails
  5674 | D:8      | Reached ***** piety under Trog
  5777 | D:8      | Noticed a two-headed ogre
  5783 | D:8      | Killed a two-headed ogre
  5783 | D:8      | Reached skill level 11 in Maces & Flails
  5783 | D:8      | Gained mutation: You have sharp fingernails. [demonic ancestry]
  5783 | D:8      | Reached XP level 10. HP: 83/83 MP: 10/10
  5948 | D:9      | Found a staircase to the Orcish Mines.
  6226 | D:9      | Found a staircase to the Lair.
  6370 | D:9      | Reached skill level 12 in Maces & Flails
  6375 | D:9      | Noticed a two-headed ogre
  6465 | D:10     | Entered Level 10 of the Dungeon
  6818 | D:9      | Found a blossoming altar of Fedhas.
  6837 | D:9      | Reached skill level 10 in Fighting
  6973 | D:9      | Killed a two-headed ogre
  7292 | D:9      | Identified the +1 ring mail "Echar" {rElec rC+ MR- Dex+4} (You found it on level 7 of the Dungeon)
  7728 | D:10     | Gained mutation: You have very sharp fingernails. [demonic ancestry]
  7728 | D:10     | Reached XP level 11. HP: 90/91 MP: 11/11
  7760 | D:10     | Found Xosozeowyi's Food Shop.
  7774 | D:10     | Reached skill level 1 in Crossbows
  7834 | D:10     | Received a gift from Trog
  7845 | D:10     | Found a burning altar of Makhleb.
  8263 | D:11     | Found a labyrinth entrance.
  8276 | D:12     | Noticed a wizard
  8279 | D:12     | Killed a wizard
  8344 | D:11     | Reached skill level 13 in Maces & Flails
  8448 | D:11     | Noticed a fire giant
  8794 | D:11     | Noticed Grum
  8809 | D:11     | Killed Grum
  8944 | D:11     | Killed a fire giant
  9036 | D:11     | Got a shimmering silver ring
  9065 | D:11     | Killed Prince Ribbit
  9109 | D:11     | Noticed a tengu reaver
  9126 | D:11     | Killed a tengu reaver
  9335 | D:11     | Noticed a lindwurm
  9335 | D:11     | a redback changed into a lindwurm
  9337 | D:11     | Noticed a fire crab
  9337 | D:11     | a lindwurm changed into a fire crab
  9340 | D:11     | a fire crab changed into a jumping spider
  9394 | D:11     | Noticed a catoblepas
  9401 | D:11     | Killed a catoblepas
  9453 | D:11     | Gained mutation: Your flesh is cold resistant. (rC+) [mutagenic meat]
  9494 | D:11     | Noticed an eight-headed hydra
  9499 | D:11     | Noticed a deep troll
  9504 | D:11     | Killed an eight-headed hydra
  9504 | D:11     | Reached XP level 12. HP: 63/100 MP: 4/12
  9726 | D:11     | Identified the ring "Qeh Miy" {Ice +Inv Str+7 Dex-5} (You found it on level 11 of the Dungeon)
  9796 | D:11     | Got a polished ring mail
  9822 | D:11     | Gained mutation: Your muscles are strong. (Str +2) [mutagenic meat]
  9863 | D:11     | Noticed a yaktaur captain
  9876 | D:11     | Killed a yaktaur captain
  9876 | D:11     | Reached skill level 5 in Armour
 10232 | D:11     | Reached skill level 14 in Maces & Flails
 10697 | D:13     | Noticed a two-headed ogre
 11001 | D:12     | Noticed an ogre mage
 11002 | D:12     | Noticed a death knight
 11124 | D:12     | Noticed Maurice
 11133 | D:12     | Killed Maurice
 11133 | D:12     | Reached skill level 5 in Crossbows
 11254 | D:12     | Noticed Erolcha
 11269 | D:12     | Killed Erolcha
 11377 | D:12     | Noticed a catoblepas
 11446 | D:13     | Killed a two-headed ogre
 11619 | D:13     | Noticed a centaur warrior
 11628 | D:13     | Killed a centaur warrior
 11705 | D:13     | Identified the +1 ring mail of the Poles {+Inv rPois} (You found it on level 11 of the Dungeon)
 11737 | D:13     | Received a gift from Trog
 11883 | D:13     | Noticed a vault guard
 11884 | D:13     | Noticed a vault guard
 11884 | D:13     | Found a gate to the Vaults.
 11885 | D:13     | Noticed a vault guard
 11885 | D:13     | Noticed a vault guard
 11889 | D:13     | Killed a vault guard
 11898 | D:13     | Killed a vault guard
 11903 | D:13     | Killed a vault guard
 11903 | D:13     | Gained mutation: You regenerate health from kills. [demonic ancestry]
 11903 | D:13     | Reached XP level 13. HP: 108/108 MP: 9/13
 11914 | D:13     | Received a gift from Trog
 12478 | D:14     | Reached skill level 15 in Maces & Flails
 12639 | D:14     | Found a shimmering altar of Xom.
 12648 | D:15     | Entered Level 15 of the Dungeon
 12959 | D:14     | Received a gift from Trog
 13573 | D:14     | Splashed by a brown ugly thing's acid

Skill      XL: |  1  2  3  4  5  6  7  8  9 10 11 12 13 |
---------------+----------------------------------------+-----
Maces & Flails | 3 4 5 6 7 9 11 12 13 14 15 | 15.3
Fighting       | 4 5 6 7 9 10 11 12 | 12.4
Armour         | 2 4 6 7 |  7.4
Crossbows      | 4 5 7 |  7.0
Dodging        | |  1.7

Action                   |  1- 3 |  4- 6 |  7- 9 | 10-12 | 13-15 || total
-------------------------+-------+-------+-------+-------+-------++-------
Melee: Mace              |   118 |    18 |       |       |       ||   136
       Flail             |       |   130 |   306 |   172 |       ||   608
       Dire flail        |       |       |       |   372 |   189 ||   561
 Fire: Hand crossbow     |       |       |       |    27 |     3 ||    30
Invok: Berserk           |     1 |     6 |     5 |    24 |     5 ||    41
       Burn Spellbooks   |       |     1 |     1 |     2 |       ||     4
       Trog's Hand       |       |       |       |     2 |       ||     2
Evoke: Wand              |       |       |       |     3 |       ||     3
  Use: Scroll            |       |       |    16 |    15 |     2 ||    33
  Eat: Chunk             |     3 |     8 |    16 |    34 |     9 ||    70
       Fruit             |       |       |       |     2 |     1 ||     3
       Meat ration       |       |       |       |     1 |       ||     1
       Bread ration      |       |       |       |     1 |       ||     1
Armor: Scale mail        |    70 |       |       |    12 |    98 ||   180
       Ring mail         |     4 |    36 |    27 |     6 |       ||    73
       Plate armour      |       |       |   127 |   210 |       ||   337
Dodge: Dodged            |    91 |    73 |    94 |   172 |   130 ||   560
Block: Buckler           |       |       |    10 |    25 |       ||    35
